 Dungeon Crawl Stone Soup version 0.30-a0-415-g685d318daa (webtiles) character file.

Game seed: 17506320549344106312

16506 CrazyBamboolord the Reanimator (level 12, -2/74 HPs)
             Began as a Demonspawn Necromancer on Dec 6, 2022.
             Was a Priest of Dithmenos.
             Slain by a death yak (7 damage)
             ... on level 2 of the Lair of Beasts on Dec 8, 2022.
             The game lasted 00:51:11 (14856 turns).

CrazyBamboolord the Reanimator (DsNe)              Turns: 14856, Time: 00:51:11

Health: -2/74      AC: 17    Str: 14      XL:     12   Next: 10%
Magic:  7/27       EV: 15    Int: 25 (28) God:    Dithmenos [***...]
Gold:   557        SH:  4    Dex: 20      Spells: 10/33 levels left

rFire   + . .      SeeInvis .    p - +4 hand axe (flame)
rCold   . . .      Faith    .    (no shield)
rNeg    . . .      Spirit   .    e - +3 leather armour {rPois}
rPois   +          Reflect  .    C - +1 helmet of Tuof {Drain Str+6 Dex+6}
rElec   .          Harm     .    D - +1 cloak
rCorr   .          Rampage  .    (gloves unavailable)
Will    .....                    (no boots)
Stlth   +++++.....               N - amulet of regeneration
HPRegen 1.12/turn                r - +6 ring of intelligence
MPRegen 0.20/turn                F - ring of protection from fire

@: about to teleport, wreathed by umbra
A: icy blue scales 2, icemail 1, spiny 2, condensation shield, demonic touch 3,
deterioration 1
a: Renounce Religion, Shadow Step


You were on level 2 of the Lair of Beasts.
You worshipped Dithmenos.
Dithmenos was most pleased with you.
You visited 3 branches of the dungeon, and saw 13 of its levels.

You collected 738 gold pieces.
You spent 181 gold pieces at shops.

Inventory:

Hand Weapons
 p - a +4 hand axe of flaming (weapon)
Missiles
 G - a throwing net
Armour
 e - a +3 leather armour of poison resistance (worn)
 l - a +0 helmet
 A - a +2 pair of gloves
 C - the +1 helmet of Tuof (worn) {Drain Str+6 Dex+6}
   (You found it on level 5 of the Dungeon)

   Str:       It affects your strength (+6).
   Dex:       It affects your dexterity (+6).
   Drain:     It drains your maximum health when unequipped.
 D - a +1 cloak (worn)
Jewellery
 a - an amulet of the acrobat
 d - a ring of ice
 r - a +6 ring of intelligence (left hand)
 F - a ring of protection from fire (right hand)
 J - a ring of positive energy
 N - an amulet of regeneration (around neck)
Wands
 v - a wand of iceblast (11)
 x - a wand of paralysis (9)
 y - a wand of mindburst (9)
 H - a wand of polymorph (8)
 K - a wand of flame (36)
Scrolls
 c - 2 scrolls of noise
 f - a scroll of blinking {unknown}
 h - 2 scrolls of fog
 j - 4 scrolls of magic mapping
 m - a scroll of fear
 n - 5 scrolls of immolation
 w - 2 scrolls of teleportation
 E - 2 scrolls of torment
 M - a scroll of vulnerability {unknown}
 O - a scroll of acquirement {unknown}
Potions
 b - 3 potions of magic
 g - 6 potions of attraction
 i - a potion of brilliance
 k - 3 potions of lignification
 o - 4 potions of mutation
 q - 4 potions of degeneration
 s - 2 potions of curing
 t - 3 potions of flight
 u - a potion of invisibility {unknown}
 z - a potion of haste
 B - 5 potions of might
 I - a potion of berserk rage {unknown}


   Skills:
 * Level 6.3 Dodging
 * Level 6.5 Stealth
 * Level 11.0 Spellcasting
 * Level 6.2 Hexes
 * Level 12.4 Necromancy
 * Level 6.5 Invocations


You had 10 spell levels left.
You knew the following spells:

 Your Spells              Type           Power      Damage    Failure   Level
a - Necrotise             Necr           100%       1d9       1%          1
b - Vampiric Draining     Necr           66%        2d10      1%          3
c - Ensorcelled Hibernat  Hex/Ice        58%        N/A       2%          2
d - Animate Dead          Necr           66%        N/A       1%          4
e - Anguish               Hex/Necr       28%        N/A       1%          4
f - Agony                 Necr           66%        N/A       1%          5
g - Cause Fear            Hex            22%        N/A       4%          4

Your spell library contained the following spells:

 Spells                   Type           Power      Damage    Failure   Level
 Slow                     Hex            100%       N/A       1%          1
 Confusing Touch          Hex            44%        N/A       1%          3
 Sandblast                Erth           26%        2d8       5%          1
 Shock                    Conj/Air       52%        1d6       5%          1
 Passwall                 Tmut/Erth      10%        N/A       9%          2
 Ignite Poison            Fire/Tmut/Pois 13%        N/A       17%         3
 Spider Form              Tmut/Pois      13%        N/A       17%         3
 Stone Arrow              Conj/Erth      26%        3d8       17%         3
 Swiftness                Air            13%        N/A       17%         3
 Airstrike                Air            6%         2d(1-17)  50%         4
 Sticky Flame             Conj/Fire      13%        2d4       50%         4
 Dragon Form              Tmut           6%         N/A       100%        7
 Ignition                 Fire           6%         3d4       100%        8
 Dragon's Call            Summ           6%         N/A       100%        9


Dungeon Overview and Level Annotations

Branches:
Dungeon (10/15)            Temple (1/1) D:6            Lair (2/5) D:8
  Swamp (0/4) Lair:2          Orc (0/2) D:9
  Snake: Lair:2-3    Spider: Lair:2-3

Altars:
Ashenzari
Cheibriados
Dithmenos
Fedhas
Gozag
Hepliaklqana
Kikubaaqudgha
Makhleb
Nemelex Xobeh
Okawaru
Qazlal
Ru
Sif Muna
Trog
Uskayaw
Vehumet
Wu Jian
Xom
Yredelemnul

Shops:
D:1 [

Annotations:
D:9 2 transporters


Innate Abilities, Weirdness & Mutations

You are mostly covered in icy blue scales. (AC +3)
A meltable icy envelope protects you from harm. (AC +4)
You are mostly covered in sharp spines.
A meltable shield of frost defends you. (SH +4)
Your touch may irresistibly damage your foes and sap their willpower.
Your body sometimes deteriorates upon taking damage.


Message History

The death yak is struck by your spines. The death yak gores you.
The death yak is wracked by anguish.
The death yak gores you!
Unknown command.
Casting: Anguish (dangerous; 1% risk of failure)
Confirm with . or Enter, or press ? or * to list all spells.
Casting: Anguish (dangerous; 1% risk of failure)
Press: ? - help, Dir - look around, f - activate The death yak resists with almost no effort.
The death yak easily resists.
The death yak is haunted by guilt!
You block the death yak's attack. The death yak is struck by your spines.
The death yak barely misses you.
Unknown command.
Casting: Anguish (dangerous; 1% risk of failure)
Confirm with . or Enter, or press ? or * to list all spells.
Aiming: Ensorcelled Hibernation (safe; 2% risk of failure)
Press: ? - help, Shift-Dir - straight line, f - death yak
Aim: a death yak (moderately wounded, anguished, umbra, chance to affect: 5%)
The death yak resists with almost no effort.
The death yak gores you!
The death yak is wracked by anguish!
You block the death yak's attack.
Unknown command.
The death yak attacks as you move away! The death yak closely misses you.
You hit the death yak but do no damage.
The death yak is moderately wounded.
The death yak gores you!!
* * * LOW HITPOINT WARNING * * *
Your body deteriorates!
You feel dopey.
The death yak is wracked by anguish!!
As you read the scroll of fear, it crumbles to dust.
You assume a fearsome visage.
The death yak resists with some effort.
The death yak looks frightened!
The death yak resists with almost no effort.
The death yak looks frightened!
The death yak resists with some effort.
The death yak gores you.
* * * LOW HITPOINT WARNING * * *
As you read the scroll of teleportation, it crumbles to dust.
You feel strangely unstable. The death yak gores you!
* * * LOW HITPOINT WARNING * * *
The death yak is struck by your spines. The death yak gores you!
You die...

#.................
###..##.#.###......
#....###### ###P###
## #P..## ###
#P##...## #.......#
#......Y# ###.....#
##Y@.## ##Y## #.Y#
#Y## ... #.. ..##
###


You could see 5 death yaks.

Vanquished Creatures
  A two-headed ogre (D:10)
  A soul eater (D:10)
  A sixfirhy (D:10)
  A black mamba (Lair:1)
  A rust devil (D:9)
  5 cane toads
  An orange demon (D:10)
  2 red devils (D:10)
  A vampire (D:9)
  A ynoxinul (D:10)
  2 wyverns
  Eustachio (D:5)
  8 yaks
  2 neqoxecs
  2 steam dragons (D:9)
  Grum (Lair:1)
  Menkaure (D:7)
  5 water moccasins
  6 orc warriors
  2 black bears (Lair:1)
  2 sky beasts (D:7)
  2 ice beasts
  8 wolves
  4 centaurs
  A phantom (D:6)
  3 kobold brigands
  A gnoll sergeant (D:10)
  8 bullfrogs
  4 scorpions
  A necrophage (D:7)
  3 wights (D:9)
  9 killer bees (D:8)
  3 howler monkeys
  3 quasits
  3 jellies
  3 hounds
  4 orc priests
  3 iguanas
  12 orc wizards
  Terence (D:2)
  Robin (D:2)
  8 gnolls
  4 adders
  A shadow imp (D:6)
  A white imp (D:7)
  2 ufetubi
  2 worms
  3 dart slugs
  26 orcs
  4 ball pythons
  8 bats
  7 endoplasms
  6 giant cockroaches
  11 goblins
  11 hobgoblins
  7 jackals
  3 quokkas
  2 frilled lizards
  24 kobolds
  4 rats
258 creatures vanquished.

Vanquished Creatures (collateral kills)
  A rime drake (Lair:1)
  2 cane toads
  3 komodo dragons
  2 yaks
  2 wolves
  A bullfrog (D:7)
  An electric eel (Lair:1)
  A howler monkey (D:10)
  An orc priest (D:9)
  A gnoll (D:4)
  5 orcs
  2 goblins
22 creatures vanquished.

Vanquished Creatures (others)
  2 bog bodies (Lair:2)
  A rust devil (D:9)
  2 yaks (Lair:1)
  A wolf (Lair:2)
  A komodo dragon zombie (Lair:2)
  A wyvern zombie (Lair:2)
  A wight (D:9)
  4 yak zombies
  An orc wizard (D:9)
  5 kobold zombies (D:9)
  9 orc zombies
  14 demonic plants (D:10)
  8 fungi
  24 plants
74 creatures vanquished.

Grand Total: 354 creatures vanquished

Notes
Turn   | Place    | Note
-------+----------+-------------------------------------------
     0 | D:1      | CrazyBamboolord the Demonspawn Necromancer began the quest
                  | for the Orb.
     0 | D:1      | Reached XP level 1. HP: 13/13 MP: 3/3
   538 | D:1      | Gained mutation: Your touch may inflict minor irresistible
                  | damage on your foes. [demonic ancestry]
   538 | D:1      | Reached XP level 2. HP: 19/19 MP: 3/5
   997 | D:1      | Reached skill level 5 in Necromancy
  1035 | D:1      | Found Xeppeuva's Armour Shop.
  1190 | D:1      | Gained mutation: Your touch may inflict irresistible damage
                  | on your foes. [demonic ancestry]
  1190 | D:1      | Reached XP level 3. HP: 24/24 MP: 2/6
  1369 | D:1      | Learned a level 3 spell: Vampiric Draining
  1514 | D:2      | Noticed Robin
  1586 | D:2      | Killed Robin
  1587 | D:2      | Gained mutation: You are partially covered in icy blue
                  | scales. (AC +2) [demonic ancestry]
  1587 | D:2      | Reached XP level 4. HP: 24/30 MP: 1/8
  1964 | D:2      | Noticed Terence
  1981 | D:2      | Killed Terence
  1982 | D:2      | Reached skill level 1 in Hexes
  2850 | D:3      | Reached XP level 5. HP: 35/35 MP: 6/9
  2933 | D:3      | Found a faded altar of an unknown god.
  3216 | D:3      | Upgraded the game from 0.30-a0-394-g3e4acdb0ae to
                  | 0.30-a0-395-gfe72c296f8
  3712 | D:4      | Gained mutation: You are mostly covered in icy blue scales.
                  | (AC +3) [demonic ancestry]
  3712 | D:4      | Reached XP level 6. HP: 28/41 MP: 0/11
  3908 | D:4      | Reached skill level 6 in Necromancy
  4005 | D:4      | Found a broken altar of Ashenzari.
  4727 | D:5      | Entered Level 5 of the Dungeon
  4849 | D:1      | Bought a +2 pair of gloves for 181 gold pieces
  5099 | D:5      | Found a stormy altar of Qazlal.
  5389 | D:5      | Identified the +1 helmet of Tuof {Drain Str+6 Dex+6}
  5410 | D:5      | Noticed a water moccasin
  5416 | D:5      | Killed a water moccasin
  5417 | D:5      | Reached XP level 7. HP: 38/46 MP: 3/14
  5667 | D:5      | Noticed Eustachio
  5676 | D:5      | Killed Eustachio
  5677 | D:5      | Reached skill level 5 in Spellcasting
  5677 | D:5      | Reached skill level 7 in Necromancy
  6153 | D:5      | Gained mutation: A meltable shield of frost defends you.
                  | (SH +4) [demonic ancestry]
  6153 | D:5      | Reached XP level 8. HP: 46/52 MP: 5/16
  6592 | D:6      | Learned a level 2 spell: Ensorcelled Hibernation
  6597 | D:6      | Learned a level 4 spell: Animate Dead
  6775 | D:6      | Reached skill level 8 in Necromancy
  6824 | D:6      | Found a staircase to the Ecumenical Temple.
  6896 | Temple   | Entered the Ecumenical Temple
  7081 | Temple   | Became a worshipper of Dithmenos the Shadowed
  7702 | D:7      | Noticed Menkaure
  7719 | D:7      | Killed Menkaure
  7720 | D:7      | Gained mutation: A meltable icy envelope protects you from
                  | harm. (AC +4) [demonic ancestry]
  7720 | D:7      | Reached XP level 9. HP: 29/57 MP: 1/19
  7724 | D:7      | Reached skill level 1 in Invocations
  8259 | D:8      | Reached skill level 9 in Necromancy
  8440 | D:8      | Found a staircase to the Lair.
  8518 | D:8      | Reached * piety under Dithmenos
  9428 | D:9      | Found an ornate altar of the Wu Jian Council.
  9428 | D:9      | Found an iron altar of Okawaru.
  9436 | D:9      | Found a faded altar of an unknown god.
  9438 | D:9      | Found a burning altar of Makhleb.
  9440 | D:9      | Found a radiant altar of Vehumet.
  9813 | D:9      | Reached skill level 10 in Necromancy
  9830 | D:9      | Gained mutation: Your touch may irresistibly damage your
                  | foes and sap their willpower. [demonic ancestry]
  9830 | D:9      | Reached XP level 10. HP: 44/63 MP: 6/22
 10032 | D:9      | Found a staircase to the Orcish Mines.
 10157 | D:9      | Found a shimmering blue altar of Sif Muna.
 10474 | D:9      | Found a transporter.
 10725 | D:8      | Learned a level 4 spell: Anguish
 10731 | D:8      | Learned a level 5 spell: Agony
 10869 | D:9      | Reached skill level 5 in Stealth
 10987 | D:9      | Reached ** piety under Dithmenos
 11242 | D:9      | Found a transporter.
 11541 | D:10     | Entered Level 10 of the Dungeon
 11541 | D:10     | Noticed a soul eater
 11944 | D:10     | Noticed an orange demon
 11945 | D:10     | Noticed a rust devil
 12073 | D:10     | Killed an orange demon
 12137 | D:10     | Noticed a rust devil
 12141 | D:10     | Gained mutation: Your body sometimes deteriorates upon
                  | taking damage. [a neqoxec]
 12275 | D:9      | Killed a rust devil
 12276 | D:9      | Reached skill level 5 in Dodging
 12341 | D:9      | Killed a rust devil
 12498 | D:10     | Reached skill level 5 in Hexes
 12522 | D:10     | Noticed a two-headed ogre
 12537 | D:10     | Killed a two-headed ogre
 12538 | D:10     | Reached skill level 11 in Necromancy
 12885 | D:10     | Noticed a sixfirhy
 12891 | D:10     | Killed a sixfirhy
 12892 | D:10     | Gained mutation: You are partially covered in sharp spines.
                  | [demonic ancestry]
 12892 | D:10     | Reached XP level 11. HP: 50/68 MP: 16/24
 12991 | D:10     | Killed a soul eater
 12992 | D:10     | Reached skill level 5 in Invocations
 13179 | Lair:1   | Entered Level 1 of the Lair of Beasts
 13246 | Lair:1   | Reached skill level 10 in Spellcasting
 13454 | Lair:1   | Noticed Grum
 13458 | Lair:1   | Reached *** piety under Dithmenos
 13462 | Lair:1   | Killed Grum
 14239 | Lair:1   | Upgraded the game from 0.30-a0-395-gfe72c296f8 to
                  | 0.30-a0-415-g685d318daa
 14272 | Lair:1   | Learned a level 4 spell: Cause Fear
 14289 | Lair:2   | Reached skill level 12 in Necromancy
 14510 | Lair:2   | Noticed a death yak
 14511 | Lair:2   | Noticed a death yak
 14535 | Lair:1   | You fall into a shaft and drop 1 floor!
 14689 | Lair:2   | Noticed a bog body
 14690 | Lair:2   | Found a staircase to the Swamp.
 14690 | Lair:2   | Noticed a bog body
 14697 | Lair:2   | Killed a bog body
 14697 | Lair:2   | HP: 3/68 [bog body (13)]
 14698 | Lair:2   | Gained mutation: You are mostly covered in sharp spines.
                  | [demonic ancestry]
 14698 | Lair:2   | Reached XP level 12. HP: 3/74 MP: 10/26
 14841 | Lair:2   | Noticed a death yak
 14842 | Lair:2   | Noticed a death yak
 14843 | Lair:2   | Noticed a death yak
 14843 | Lair:2   | Noticed a death yak
 14843 | Lair:2   | Noticed a death yak
 14856 | Lair:2   | Slain by a death yak

Illustrated notes

Levels and vault maps discovered:
D:1:      nzn_arrival_water_spiral, layout_loops_corners, serial_shops,
          shop_statue, serial_forest, infiniplex_forest_clump_long,
          infiniplex_forest_corner_1, infiniplex_forest_clump_double,
          infiniplex_forest_straight_1, infiniplex_forest_end_2,
          infiniplex_forest_lined_3, infiniplex_forest_lined_room_3,
          infiniplex_forest_lined_corner, infiniplex_forest_end_2,
          hangedman_decor_points, minivault_5
D:2:      layout_loops_cross, minmay_misc_feat_alley, uniq_robin, uniq_terence
D:3:      layout_basic, hellmonk_ecumenical_altar_prayer_group, st_stairs_14,
          nicolae_eternal_life, minmay_checkerbox
D:4:      layout_loops_cross, nicolae_ashenzari_skybound
D:5:      layout_loops_ring, mainiacjoe_overflow_24_doors, kennysheep_mini_moat,
          uniq_eustachio
D:6:      layout_cave_pools, temple_doors_e
D:7:      layout_basic, uniq_menkaure
D:8:      layout_loops_corners, lair_entry_dummy
D:9:      gammafunk_cloud_chamber, layout_loops_corners, tgw_sif,
          chequers_temple_overflow_minitemple, david_orc_4
D:10:     layout_roguey, serial_demonic, serial_demonic_g, serial_demonic_a,
          serial_demonic_e, serial_demonic_f, serial_demonic_g,
          serial_demonic_f, kennysheep_generic_room_16
Temple:   nicolae_temple_two_arcs
Lair:1:   layout_gridlike, uniq_grum
Lair:2:   layout_cave_pods, skrybe_swamp_entry_bodies

Skill      XL: |  1  2  3  4  5  6  7  8  9 10 11 12 |
---------------+-------------------------------------+-----
Stealth        | 2 3 4 5 6 |  6.5
Necromancy     | 5 6 7 8 10 11 12 | 12.4
Dodging        | 2 3 4 5 6 |  6.3
Spellcasting   | 3 4 5 6 8 9 10 11 | 11.0
Hexes          | 1 2 3 4 5 6 |  6.2
Invocations    | 3 4 6 |  6.5

Action                   |  1- 3 |  4- 6 |  7- 9 | 10-12 || total
-------------------------+-------+-------+-------+-------++-------
Melee: Unarmed           |    42 |     8 |       |       ||    50
       Touch             |     8 |     3 |    21 |    51 ||    83
       Punch             |     1 |       |     1 |     5 ||     7
       Hand axe          |       |    21 |    98 |   242 ||   361
 Cast: Necrotise         |    50 |   125 |   131 |    40 ||   346
       Vampiric Draining |       |     8 |    49 |    19 ||    76
       Ensorcelled Hiber |       |       |     7 |    10 ||    17
       Animate Dead      |       |       |     3 |     3 ||     6
       Anguish           |       |       |       |    43 ||    43
       Agony             |       |       |       |    13 ||    13
       Cause Fear        |       |       |       |     5 ||     5
Evoke: Wand              |       |       |     1 |    10 ||    11
  Use: Potion            |     2 |       |     1 |     2 ||     5
       Scroll            |     1 |     4 |     2 |    16 ||    23
 Stab: Sleeping          |       |     2 |    11 |     9 ||    22
Armor: Robe              |     5 |       |       |       ||     5
       Animal skin       |       |    35 |    47 |       ||    82
       Leather armour    |       |       |    62 |   178 ||   240
Dodge: Dodged            |    43 |    60 |   193 |   343 ||   639
Block: Other             |       |       |    39 |    81 ||   120

Table legend: (Time is in decaauts)
 A = Elapsed time spent in this place.
 B = Non-inter-level travel time spent in this place.
 C = Inter-level travel time spent in this place.
 D = Time resting spent in this place.
 E = Time spent auto-exploring this place.
 F = Levels seen in this place.
 G = Mean time per level.
                   A        B        C        D        E       F      G
               +--------+--------+--------+--------+--------+-----+--------+
         Total |  15018 |  14076 |    942 |   1375 |  10023 |  13 | 1155.2 |
       Dungeon |  13107 |  12273 |    834 |   1029 |   8995 |  10 | 1310.7 |
        Temple |    193 |    114 |     79 |      0 |    104 |   1 |  193.0 |
          Lair |   1717 |   1688 |     29 |    346 |    923 |   2 |  858.5 |
               +--------+--------+--------+--------+--------+-----+--------+

Top non-repeatable levels by time:
     D:9: 2511 daAuts
     D:1: 1518 daAuts
     D:8: 1342 daAuts
     D:3: 1250 daAuts
    D:10: 1221 daAuts
     D:4: 1167 daAuts
     D:5: 1132 daAuts
  Lair:1: 1110 daAuts
     D:2: 1052 daAuts
     D:6: 1013 daAuts
     D:7: 898 daAuts
  Lair:2: 606 daAuts
  Temple: 193 daAuts
